 Dungeon Crawl Stone Soup version 0.19-a0-1493-gd0fcaa6 (webtiles) character file.

98 Gruud the Ruffian (level 4, -7/33 HPs)
             Began as a Demonspawn Gladiator on Sept 9, 2016.
             Mangled by a kobold
             ... wielding a +1 whip of electrocution
              (15 damage)
             ... on level 2 of the Dungeon.
             The game lasted 00:03:25 (878 turns).

Gruud the Ruffian (Demonspawn Gladiator)             Turns: 878, Time: 00:03:27

Health: -7/33      AC: 13    Str: 16    XL:     4   Next: 44%
Magic:  4/4        EV:  5    Int: 10    God:
Gold:   72         SH:  0    Dex: 13    Spells: 0 memorised, 3 levels left

rFire  . . .     SeeInvis .     a - +0 long sword
rCold  . . .     Gourm    .     j - +0 plate armour
rNeg   . . .     Faith    .     (no shield)
rPois  .         Spirit   .     c - +0 helmet
rElec  .         Dismiss  .     (no cloak)
rCorr  .         Reflect  .     (no gloves)
MR     .....     Harm     .     (no boots)
Stlth  ..........               (no amulet)
                                (no ring)
                                (no ring)

@: no status effects
A: claws 1, slimy green scales 1
a: no special abilities


You were on level 2 of the Dungeon.
You were not hungry.

You visited 1 branch of the dungeon, and saw 2 of its levels.

You collected 72 gold pieces.

Inventory:

Hand Weapons
 a - a +0 long sword (weapon)
Missiles
 d - 3 throwing nets
 o - 2 tomahawks of returning (quivered)
Armour
 b - a +0 leather armour
 c - a +0 helmet (worn)
 j - a +0 plate armour (worn)
Scrolls
 e - a scroll of random uselessness {unknown}
 g - 2 scrolls of remove curse {unknown}
 h - a scroll of fear {unknown}
 l - a scroll of immolation {unknown}
Potions
 i - a potion of mutation {unknown}
 k - a potion of brilliance {unknown}
Comestibles
 f - a bread ration
 m - 3 beef jerkies
 n - 2 chunks of flesh


   Skills:
 - Level 2.0 Fighting
 - Level 3.2 Long Blades
 - Level 1.7 Throwing
 - Level 2.6 Dodging
 * Level 3.3 Unarmed Combat


You had 3 spell levels left.
You didn't know any spells.

Dungeon Overview and Level Annotations

Branches:
Dungeon (2/15)

Altars:


Innate Abilities, Weirdness & Mutations

You have sharp fingernails.
You are partially covered in slimy green scales. (AC +2)


Message History

The quokka bites you. The quokka barely misses you.
The kobold hits you but does no damage.
You miss the kobold. The quokka barely misses you.
You riposte.
You miss the quokka.
The quokka is severely wounded.
The kobold barely misses you.
You riposte.
Your plate armour prevents you from hitting the kobold.
You closely miss the kobold.
The quokka bites you but does no damage.
The kobold hits you but does no damage. The quokka barely misses you.
You riposte.
You closely miss the quokka.
The quokka is severely wounded.
You barely miss the kobold.
The kobold hits you with a whip of electrocution.
You are electrocuted!
Ouch! That really hurt!
* * * LOW HITPOINT WARNING * * *
The quokka bites you but does no damage.
The kobold hits you but does no damage.
You are electrocuted!
You die...

####...##.## ##.....#.#
........#.#########.#.#
# . #...<)...##......#
.## .#
#.########..#.#>.## ..#
###. #.# #.##.#...# #.#
#g. #.# ###.##.#.#.#
#.# #)# #.#
##....<.#.#.## #.####g#
##.#####...#####....#
#.#.K..# #...@r.....#
#....# #...####
#....K....## #....#
##..# #........##
##...# ..g###
#).......# #...# .....#
###........# #...#
.....# ####..........#
#...#
.....###....#........#
#...#
..........).#........#
#...#
#######.....##########
#...#


You could see a quokka and a kobold.

Vanquished Creatures
  5 gnolls
  An ooze (D:1)
  A worm (D:2)
  A dart slug (D:2)
  2 giant geckos
  6 bats
  2 giant cockroaches (D:1)
  5 hobgoblins
  2 jackals
  5 kobolds (D:1)
  2 giant newts
  3 goblins (D:1)
  3 rats (D:1)
38 creatures vanquished.

Notes
Turn   | Place    | Note
-------+----------+-------------------------------------------
     0 | D:1      | Gruud the Demonspawn Gladiator began the quest for the Orb.
     0 | D:1      | Reached XP level 1. HP: 16/16 MP: 1/1
    77 | D:1      | Gained mutation: You have sharp fingernails. [demonic ancestry]
    77 | D:1      | Reached XP level 2. HP: 19/22 MP: 2/2
   124 | D:1      | Reached skill level 1 in Unarmed Combat
   341 | D:1      | Gained mutation: You are partially covered in slimy green scales. (AC +2) [demonic ancestry]
   341 | D:1      | Reached XP level 3. HP: 22/27 MP: 3/3
   644 | D:2      | Reached XP level 4. HP: 18/33 MP: 4/4
   878 | D:2      | Mangled by a kobold

Vault maps used:
D:1:      saegor_arrival_simple_f, serial_curves, eino_curves_02, eino_curves_03

Skill      XL: |  1  2  3  4 |
---------------+-------------+-----
Long Blades    | 3 |  3.2
Unarmed Combat | 1 2 3 |  3.3
Fighting       | |  2.0
Throwing       | |  1.7
Dodging        | |  2.6

Action                   |  1- 3 |  4- 6 || total
-------------------------+-------+-------++-------
Melee: Long sword        |   103 |    41 ||   144
Throw: Tomahawk          |     5 |       ||     5
 Stab: Sleeping          |     1 |       ||     1
Armor: Leather armour    |     9 |       ||     9
       Plate armour      |    20 |    47 ||    67
Dodge: Dodged            |    51 |    18 ||    69
